 Dungeon Crawl Stone Soup version 0.23.1-37-gaa34b87 (webtiles) character file.

Game seed: 1637479694831106593

3505 esteth the Thaumaturge (level 10, -1/73 HPs)
             Began as a Gnoll Wizard on Mar 24, 2019.
             Slain by an orc warrior
             ... wielding a +0 trident
              (10 damage)
             ... on level 9 of the Dungeon.
             The game lasted 00:23:12 (10777 turns).

esteth the Thaumaturge (Gnoll Wizard)              Turns: 10777, Time: 00:23:12

Health: -1/73      AC:  7    Str:  9    XL:     10   Next: 7%
Magic:  27/31      EV: 16    Int: 26    God:
Gold:   602        SH:  5    Dex: 15    Spells: 15/26 levels left

rFire    . . .     SeeInvis .   G - +1 war axe (freeze)
rCold    . . .     Gourm    .   v - +0 buckler
rNeg     . . .     Faith    .   a - +1 robe
rPois    +         Spirit   .   u - +2 helmet {Int+3}
rElec    .         Reflect  .   (no cloak)
rCorr    .         Harm     .   (no gloves)
MR       .....                  B - +0 pair of boots
Stlth    +++.......             (no amulet)
HPRegen  0.22/turn              m - ring of magical power
MPRegen  0.22/turn              r - ring of poison resistance

@: lightly drained
A: distributed training, fangs 1, strong nose
a: no special abilities


You were on level 9 of the Dungeon.
You were not hungry.

You visited 2 branches of the dungeon, and saw 10 of its levels.
You also visited: Sewer.

You collected 602 gold pieces.

Inventory:

Hand Weapons
 e - a +2 club
 j - a +1 whip of distortion
 F - a +3 hand axe
 G - a +1 war axe of freezing (weapon)
Armour
 a - a +1 robe (worn)
 b - a +2 hat
 u - a +2 helmet of intelligence (worn)
 v - a +0 buckler (worn)
 w - a +0 scale mail
 B - a +0 pair of boots (worn)
Jewellery
 m - a ring of magical power (left hand)
 r - a ring of poison resistance (right hand)
 z - an uncursed ring of ice
Wands
 n - a wand of polymorph (17)
 o - a wand of clouds (6)
 x - a wand of flame (45)
 y - a wand of acid (6)
 E - a wand of digging (12)
 H - a wand of enslavement (11)
 J - a wand of random effects (14)
Scrolls
 g - 2 scrolls of blinking {unknown}
 h - 2 scrolls of immolation
 q - 6 scrolls of teleportation
 s - 2 scrolls of remove curse
 A - a scroll of enchant armour
 C - a scroll of noise {unknown}
 D - 3 scrolls of enchant weapon
Potions
 f - 3 potions of agility {unknown}
 i - 3 potions of curing {unknown}
 k - 2 potions of magic {unknown}
 l - 3 potions of lignification {unknown}
 p - 3 potions of berserk rage {unknown}
 t - 3 potions of brilliance {unknown}
 I - a potion of mutation {unknown}
Comestibles
 d - 15 rations


   Skills:
 + Level 4.8(4.2) Fighting
 + Level 4.8(4.2) Short Blades
 + Level 4.8(4.2) Long Blades
 + Level 4.8(4.2) Axes
 + Level 4.8(4.2) Maces & Flails
 + Level 4.8(4.2) Polearms
 + Level 4.8(4.2) Staves
 + Level 4.8(4.2) Slings
 + Level 4.8(4.2) Bows
 + Level 4.8(4.2) Crossbows
 + Level 4.8(4.2) Throwing
 + Level 4.8(4.2) Armour
 + Level 6.7(6.1) Dodging
 + Level 6.4(5.9) Stealth
 + Level 4.8(4.2) Shields
 + Level 4.8(4.2) Unarmed Combat
 + Level 8.7(8.1) Spellcasting
 + Level 4.5(4.0) Conjurations
 + Level 4.0(3.4) Hexes
 + Level 4.0(3.4) Charms
 + Level 4.5(4.0) Summonings
 + Level 4.0(3.4) Necromancy
 + Level 4.5(4.0) Translocations
 + Level 4.0(3.4) Transmutations
 + Level 4.0(3.4) Fire Magic
 + Level 4.0(3.4) Ice Magic
 + Level 4.0(3.4) Air Magic
 + Level 4.0(3.4) Earth Magic
 + Level 4.0(3.4) Poison Magic
 + Level 5.3(4.7) Invocations
 + Level 4.8(4.2) Evocations


You had 15 spell levels left.
You knew the following spells:

 Your Spells              Type           Power        Failure   Level  Hunger
a - Magic Dart            Conj           ####         1%          1    None
b - Blink                 Tloc           N/A          1%          2    None
c - Call Imp              Summ           ####....     1%          2    None
d - Conjure Flame         Conj/Fire      ####....     3%          3    None
e - Mephitic Cloud        Conj/Pois/Air  ####....     3%          3    None

Your spell library contained the following spells:

 Spells                   Type           Power        Failure   Level  Hunger
 Animate Skeleton         Necr           N/A          1%          1    None
 Apportation              Tloc           ####..       1%          1    None
 Confusing Touch          Hex            ####..       1%          1    None
 Summon Small Mammal      Summ           ####         1%          1    None
 Slow                     Hex            ####....     1%          2    None


Dungeon Overview and Level Annotations

Branches:
Dungeon (9/15)             Temple (1/1) D:6
   Lair: D:8-11         Orc: D:9-12

Altars:
Cheibriados
Dithmenos
Elyvilon
Fedhas
Gozag
Hepliaklqana
Kikubaaqudgha
Makhleb
Nemelex Xobeh
Okawaru
Qazlal
Ru
Sif Muna
Trog
Uskayaw
Vehumet
Wu Jian
Xom
Yredelemnul
Zin
The Shining One

Shops:
D:5 (   D:8 *%([

Annotations:
D:8 3 runed translucent doors, EtherCrawl's ghost, novice FoAK


Innate Abilities, Weirdness & Mutations

Your experience applies equally to all skills.
You have very sharp teeth.
Your uncanny sense of smell can sniff out nearby items.


Message History

The centaur is engulfed in noxious fumes.
The centaur appears confused.
The troll is engulfed in noxious fumes.
The troll closely misses you. x2; The troll misses you.
The orc priest calls down the wrath of Beogh upon you.
Beogh smites you!
* * * LOW HITPOINT WARNING * * *
An orc comes into view. It is wielding a +0 war axe.
An orc comes into view.
The orc warrior closely misses you.
An orc comes into view. It is wielding a +0 mace.
The killer bee is engulfed in noxious fumes.
The killer bee appears confused.
The centaur hits you but does no damage.
The troll is engulfed in noxious fumes.
The troll appears confused.
The killer bee closely misses you.
The centaur hits the orc warrior.
The killer bee stings the orc warrior.
The centaur hits the killer bee!
The killer bee is killed!
The orc warrior hits you from afar with a +0 trident!
You die...

#....<.......# #.###.#
#............####.# #.#
###....)..##.....<#.# #.#
.......)..##...####.###.#
###.......##...# #.....#
#.......##...##########
+.......##.............
#.......##..###########
........S..@.#
....######.#†.#
###.......(ocK#
#######(.o##
..a....(°...#
#.o...TK....#
#...5o.K....#
#..K≈≈..o≈≈.#
#.oKo≈≈.≈≈≈.+


You could see a troll (confused), an orc warrior, a big kobold, a centaur
(confused), an adder (confused), a shadow imp, 3 orcs and 3 kobolds.

Vanquished Creatures
  A hornet (D:8)
  A black bear (D:4)
  A phantom (D:8)
  2 sky beasts
  An orc warrior (D:8)
  5 ogres
  5 centaurs
  A crocodile (Sewer)
  4 bullfrogs
  2 scorpions
  2 killer bees (D:9)
  2 wights (D:9)
  3 howler monkeys
  3 electric eels (D:5)
  5 crimson imps
  A centaur zombie (D:5)
  2 bullfrog zombies
  4 hounds
  3 jellies
  An orc priest (D:6)
  3 orc wizards
  A centaur skeleton (D:6)
  An iguana (D:6)
  3 bullfrog skeletons
  2 worker ants
  A hound skeleton (D:6)
  8 gnolls
  9 adders
  A shadow imp (D:5)
  3 oozes
  An adder zombie (D:8)
  An adder skeleton (D:5)
  A worm (D:2)
  5 dart slugs
  8 leopard geckos
  16 orcs
  10 giant cockroaches
  11 goblins
  6 hobgoblins
  16 jackals
  8 kobolds
  2 quokkas
  A ball python (D:2)
  13 bats
  6 frilled lizards
  7 rats
193 creatures vanquished.

Vanquished Creatures (collateral kills)
  A water moccasin (D:8)
  A wight (D:8)
2 creatures vanquished.

Vanquished Creatures (others)
  A killer bee (D:9)
  An adder (D:3)
2 creatures vanquished.

Grand Total: 197 creatures vanquished

Notes
Turn   | Place    | Note
-------+----------+-------------------------------------------
     0 | D:1      | esteth the Gnoll Wizard began the quest for the Orb.
     0 | D:1      | Reached XP level 1. HP: 13/13 MP: 8/8
   193 | D:1      | Reached XP level 2. HP: 19/19 MP: 7/10
   562 | D:1      | Reached XP level 3. HP: 25/25 MP: 3/11
  1096 | D:1      | Reached skill level 1 in Invocations
  1196 | D:1      | Learned a level 2 spell: Blink
  1199 | D:1      | Learned a level 2 spell: Call Imp
  1203 | D:1      | Learned a level 3 spell: Conjure Flame
  1207 | D:1      | Learned a level 3 spell: Mephitic Cloud
  1302 | D:2      | Found an ancient bone altar of Kikubaaqudgha.
  1325 | D:2      | Reached skill level 1 in Fighting
  1325 | D:2      | Reached skill level 1 in Short Blades
  1325 | D:2      | Reached skill level 1 in Long Blades
  1325 | D:2      | Reached skill level 1 in Axes
  1325 | D:2      | Reached skill level 1 in Maces & Flails
  1325 | D:2      | Reached skill level 1 in Polearms
  1325 | D:2      | Reached skill level 1 in Staves
  1325 | D:2      | Reached skill level 1 in Slings
  1325 | D:2      | Reached skill level 1 in Bows
  1325 | D:2      | Reached skill level 1 in Crossbows
  1325 | D:2      | Reached skill level 1 in Throwing
  1325 | D:2      | Reached skill level 1 in Armour
  1325 | D:2      | Reached skill level 1 in Shields
  1325 | D:2      | Reached skill level 1 in Unarmed Combat
  1325 | D:2      | Reached skill level 1 in Evocations
  1672 | D:2      | Reached XP level 4. HP: 32/32 MP: 11/13
  1823 | D:2      | Found a radiant altar of Vehumet.
  1825 | D:2      | Found a deep blue altar of Sif Muna.
  1831 | D:2      | Identified Vehumet's Compendium of Attacks
  2275 | D:2      | Found a white marble altar of Elyvilon.
  2981 | D:3      | Found a glowing drain.
  2985 | Sewer    | Entered a sewer
  2988 | Sewer    | Reached skill level 1 in Hexes
  2988 | Sewer    | Reached skill level 1 in Charms
  2988 | Sewer    | Reached skill level 1 in Necromancy
  2988 | Sewer    | Reached skill level 1 in Transmutations
  2988 | Sewer    | Reached skill level 1 in Fire Magic
  2988 | Sewer    | Reached skill level 1 in Ice Magic
  2988 | Sewer    | Reached skill level 1 in Air Magic
  2988 | Sewer    | Reached skill level 1 in Earth Magic
  2988 | Sewer    | Reached skill level 1 in Poison Magic
  3036 | Sewer    | Noticed a crocodile
  3067 | Sewer    | Killed a crocodile
  3067 | Sewer    | Reached XP level 5. HP: 37/37 MP: 14/14
  3208 | D:3      | Found a shimmering altar of Xom.
  4134 | D:4      | Reached XP level 6. HP: 44/44 MP: 16/16
  4679 | D:4      | Reached skill level 5 in Dodging
  4718 | D:4      | Noticed a black bear
  4913 | D:4      | Killed a black bear
  4913 | D:4      | Reached XP level 7. HP: 50/50 MP: 11/18
  5239 | D:5      | Entered Level 5 of the Dungeon
  5821 | D:5      | Found a transporter.
  5841 | D:5      | Found a transporter.
  5862 | D:5      | Reached skill level 5 in Stealth
  6067 | D:5      | Found Fuidima's Weapon Shoppe.
  6360 | D:6      | Found a staircase to the Ecumenical Temple.
  6367 | D:6      | Reached XP level 8. HP: 57/57 MP: 19/19
  6428 | Temple   | Entered the Ecumenical Temple
  7126 | D:6      | Reached skill level 8 in Spellcasting
  7662 | D:7      | Reached XP level 9. HP: 65/65 MP: 14/21
  8635 | D:8      | Found Muirrane's Antique Weapon Emporium.
  8735 | D:8      | Noticed a hornet
  8755 | D:8      | Killed a hornet
  9440 | D:8      | Found Orghevupt's Armour Shop.
  9458 | D:8      | Found a shadowy altar of Dithmenos.
  9459 | D:8      | Found an opulent altar of Gozag.
  9503 | D:8      | Found Siadif's General Store.
  9534 | D:8      | Found Jeyhuod's Food Boutique.
  9630 | D:8      | Found a runed translucent gate.
  9630 | D:8      | Found a runed translucent gate.
  9630 | D:8      | Found a runed translucent gate.
  9634 | D:8      | Noticed EtherCrawl's ghost (novice FoAK)
  9761 | D:8      | Found a snail-covered altar of Cheibriados.
  9761 | D:8      | Found a glowing golden altar of the Shining One.
  9761 | D:8      | Found a hazy altar of Hepliaklqana.
  9762 | D:8      | Found an ornate altar of the Wu Jian Council.
  9762 | D:8      | Found a stormy altar of Qazlal.
  9763 | D:8      | Found a hide-covered altar of Uskayaw.
 10158 | D:8      | Reached skill level 5 in Invocations
 10395 | D:8      | Reached XP level 10. HP: 25/73 MP: 18/22
 10777 | D:9      | Slain by an orc warrior

Skill      XL: |  1  2  3  4  5  6  7  8  9 10 |
---------------+-------------------------------+-----
Conjurations   | 2 3 4 |  4.5
Summonings     | 2 3 4 |  4.5
Translocations | 2 3 4 |  4.5
Invocations    | 1 2 3 4 5 |  5.3
Fighting       | 1 2 3 4 |  4.8
Short Blades   | 1 2 3 4 |  4.8
Long Blades    | 1 2 3 4 |  4.8
Axes           | 1 2 3 4 |  4.8
Maces & Flails | 1 2 3 4 |  4.8
Polearms       | 1 2 3 4 |  4.8
Staves         | 1 2 3 4 |  4.8
Slings         | 1 2 3 4 |  4.8
Bows           | 1 2 3 4 |  4.8
Crossbows      | 1 2 3 4 |  4.8
Throwing       | 1 2 3 4 |  4.8
Armour         | 1 2 3 4 |  4.8
Shields        | 1 2 3 4 |  4.8
Unarmed Combat | 1 2 3 4 |  4.8
Evocations     | 1 2 3 4 |  4.8
Hexes          | 1 2 3 4 |  4.0
Charms         | 1 2 3 4 |  4.0
Necromancy     | 1 2 3 4 |  4.0
Transmutations | 1 2 3 4 |  4.0
Fire Magic     | 1 2 3 4 |  4.0
Ice Magic      | 1 2 3 4 |  4.0
Air Magic      | 1 2 3 4 |  4.0
Earth Magic    | 1 2 3 4 |  4.0
Poison Magic   | 1 2 3 4 |  4.0
Dodging        | 5 6 |  6.7
Stealth        | 5 6 |  6.4
Spellcasting   | 8 |  8.7

Action                   |  1- 3 |  4- 6 |  7- 9 | 10-12 || total
-------------------------+-------+-------+-------+-------++-------
Melee: Unarmed           |    34 |       |       |       ||    34
       Club              |    10 |    16 |     1 |       ||    27
       Bite              |     3 |     1 |    12 |     2 ||    18
       War axe           |       |       |   161 |    14 ||   175
       Punch             |       |       |     2 |       ||     2
 Cast: Magic Dart        |    77 |   172 |   278 |    13 ||   540
       Mephitic Cloud    |       |     6 |    13 |     2 ||    21
       Conjure Flame     |       |     3 |     2 |       ||     5
       Call Imp          |       |       |     3 |       ||     3
Evoke: Wand              |       |       |     3 |       ||     3
  Use: Scroll            |     4 |     9 |     3 |       ||    16
       Potion            |       |       |     2 |     1 ||     3
 Stab: Sleeping          |     2 |       |     4 |       ||     6
       Confused          |       |       |       |     1 ||     1
  Eat: Chunk             |     2 |    10 |    14 |     1 ||    27
       Ration            |       |       |     1 |       ||     1
Armor: Robe              |    18 |    21 |    74 |     7 ||   120
Dodge: Dodged            |    71 |    60 |   258 |    25 ||   414
Block: Buckler           |       |       |     8 |    10 ||    18
